 Dungeon Crawl Stone Soup version 0.28.0-53-g5a82cb258f (webtiles) character file.

Game seed: 3876902397148456560

81 ILmort the Skirmisher (level 4, 0/37 HPs)
             Began as a Demonspawn Monk on Aug 25, 2022.
             Slain by an orc
             ... wielding a +0 mace
              (5 damage)
             ... on level 3 of the Dungeon.
             The game lasted 00:04:58 (2497 turns).

ILmort the Skirmisher (Demonspawn Monk)             Turns: 2497, Time: 00:04:58

Health: 0/37       AC:  3    Str: 10 (13) XL:     4   Next: 20%
Magic:  4/4        EV: 12    Int: 10 (12) God:
Gold:   102        SH:  0    Dex: 14 (15) Spells: 3/3 levels left

rFire   . . .      SeeInvis .   a - +0 mace
rCold   . . .      Faith    .   (no shield)
rNeg    . . .      Spirit   .   b - +0 robe
rPois   .          Reflect  .   e - +1 hat
rElec   .          Harm     .   (no cloak)
rCorr   .          Rampage  .   (no gloves)
Will    .....                   (no boots)
Stlth   ++........              (no amulet)
HPRegen 0.12/turn               (no ring)
MPRegen 0.09/turn               (no ring)

@: no status effects
A: claws 1, hooves 1, foul stench 1
a: no special abilities


You were on level 3 of the Dungeon.
You visited 1 branch of the dungeon, and saw 3 of its levels.

You collected 102 gold pieces.

Inventory:

Hand Weapons
 a - a +0 mace (weapon)
Armour
 b - a +0 robe (worn)
 e - a +1 hat (worn)
Scrolls
 f - 2 scrolls of identify {unknown}
 g - a scroll of amnesia {unknown}
 i - a scroll of teleportation {unknown}
Potions
 d - a potion of curing
 h - a potion of resistance {unknown}


   Skills:
 + Level 4.2 Fighting
 - Level 3.5 Maces & Flails
 - Level 2.6 Dodging
 - Level 1.7 Stealth
 * Level 0.5 Unarmed Combat


You had 3 spell levels left.
You didn't know any spells.
Your spell library contained the following spells:

 Spells                   Type           Power      Damage    Failure   Level
 Freeze                   Ice            0%         1d3       36%         1
 Slow                     Hex            0%         N/A       36%         1
 Sublimation of Blood     Necr           0%         N/A       50%         2
 Confusing Touch          Hex            0%         N/A       75%         3
 Vampiric Draining        Necr           0%         2d6       75%         3
 Petrify                  Tmut/Erth      0%         N/A       98%         4
 Irradiate                Conj/Tmut      0%         3d13      100%        5


Dungeon Overview and Level Annotations

Branches:
Dungeon (3/15)

Altars:

Shops:
D:1 *(


Innate Abilities, Weirdness & Mutations

You have sharp fingernails.
You have large cloven feet.
You may rarely emit foul miasma when damaged in melee.


Message History

You closely miss the hobgoblin. The hobgoblin barely misses you.
You hit the hobgoblin.
You kick the hobgoblin, but do no damage.
An adder comes into view.
The hobgoblin hits you. The orc hits you with a +0 mace.
You hit the hobgoblin. The hobgoblin misses you. The orc barely misses you.
The hobgoblin closely misses you. The orc closely misses you.
You hit the hobgoblin but do no damage.
You kick the hobgoblin, but do no damage.
The hobgoblin hits you but does no damage.
The orc barely misses you.
You hit the hobgoblin.
You kill the hobgoblin!
The adder bites you. The orc hits you with a +0 mace.
You closely miss the adder. Your kick misses the adder.
The adder closely misses you. The orc hits you but does no damage.
The adder barely misses you.
You barely miss the adder. You kick the adder, but do no damage.
The orc hits you with a +0 mace! The adder bites you.
You are poisoned.
The adder poisons you! The orc closely misses you.
It was a potion of degeneration.
There was something very wrong with that liquid.
You feel weakened.
You feel dopey.
You feel clumsy.
You feel sick. The adder barely misses you. The adder bites you.
The orc hits you with a +0 mace!
* * * LOW HITPOINT WARNING * * *
It was a potion of curing.
You feel better. The adder bites you. The orc hits you but does no damage.
You feel better. The adder misses you. The orc hits you with a +0 mace!
You hit the adder. You kick the adder. The adder barely misses you.
The adder bites you but does no damage. The orc closely misses you.
You sock the adder!
You kill the adder!
The orc hits you with a +0 mace.
You hit the orc but do no damage. The orc hits you with a +0 mace!
* * * LOW HITPOINT WARNING * * *
You hit the orc but do no damage. Your kick misses the orc.
The orc hits you with a +0 mace.
You die...

#..........### ##... #.
#......#.#...#####.##
#..#.##...........†...##
.#..........###..########
......####.## ##.# #
.....# #..## #..# #
#....#####).# #...# #
#..........# ##...# #
.#..†@....# .#.# .
.......o.....# .#.. .
....#.........# .. #. .
.## #.........#
##...^.....# ###.........
#...#..##. ....#...


You could see an orc.

Vanquished Creatures
  2 adders
  A worm (D:2)
  2 dart slugs (D:1)
  4 endoplasms
  3 giant cockroaches
  A goblin (D:1)
  8 hobgoblins
  5 quokkas
  10 ball pythons
  7 bats
  4 frilled lizards
  4 kobolds
  2 rats (D:2)
53 creatures vanquished.

Vanquished Creatures (others)
  2 fungi (D:2)
  2 plants (D:2)
4 creatures vanquished.

Grand Total: 57 creatures vanquished

Notes
Turn   | Place    | Note
-------+----------+-------------------------------------------
     0 | D:1      | ILmort the Demonspawn Monk began the quest for the Orb.
     0 | D:1      | Reached XP level 1. HP: 18/18 MP: 1/1
   394 | D:1      | Gained mutation: You may rarely emit foul miasma when
                  | damaged in melee. [demonic ancestry]
   394 | D:1      | Reached XP level 2. HP: 23/24 MP: 2/2
   675 | D:1      | Found Dasick's Antique Weapon Boutique.
   910 | D:1      | Discovered your monstrous ancestry.
   910 | D:1      | Gained mutation: You have large cloven feet. [demonic
                  | ancestry]
   910 | D:1      | Reached XP level 3. HP: 29/29 MP: 3/3
   920 | D:1      | Found Duij's General Store.
  1440 | D:2      | Found a faded altar of an unknown god.
  1444 | D:2      | Got Plato's Tome of the Glacier
  1624 | D:2      | Reached skill level 4 in Fighting
  2298 | D:3      | Gained mutation: You have sharp fingernails. [demonic
                  | ancestry]
  2298 | D:3      | Reached XP level 4. HP: 37/37 MP: 4/4
  2497 | D:3      | Slain by an orc

Illustrated notes

Levels and vault maps discovered:
D:1:      dpeg_arrival_shrine, layout_loops_ring, serial_shops, shop, shop
D:2:      layout_loops_ring, shapermc_ecumenical_altar_rom_forum,
          kennysheep_big_empty_room
D:3:      layout_rooms, old_standard_altar, uniq_crazy_yiuf_cottage,
          uniq_terence, uniq_ijyb, uniq_sigmund, uniq_jessica

Skill      XL: |  1  2  3 |
---------------+----------+-----
Maces & Flails | 3 |  3.5
Fighting       | 4 |  4.2
Dodging        | |  2.6
Stealth        | |  1.7
Unarmed Combat | |  0.5

Action                   |  1- 3 |  4- 6 || total
-------------------------+-------+-------++-------
Melee: Mace              |   139 |    19 ||   158
       Punch             |     1 |     1 ||     2
       Kick              |    12 |     7 ||    19
  Use: Potion            |       |     3 ||     3
 Stab: Sleeping          |     3 |       ||     3
Armor: Robe              |    39 |     6 ||    45
Dodge: Dodged            |   103 |    18 ||   121
